Map: Odyssey LE

Players

Boo

  • Race: Zerg Zerg
  • Spawn Location: 5:00

JonSnow - Winner!

  • Race: Zerg Zerg
  • Spawn Location: 11:00

Event: WCS Montreal 2017

VOD

Have the link to the VOD?

Description

Time

  • Played on: Sept. 8, 2017, 12:21 p.m.
  • Length: 4:03

All games in this series

Show
View Real Time Build Order
Export as new Build Order

Boo Zerg 

Build Orders: Pool Only 

Get SALT Encoding   

  12  0:01  Drone  
  13  0:10  Extractor  
  12  0:26  Spawning Pool  
  11  0:29  Drone  
  11  0:33  Drone  
  13  0:40  Drone  
  14  0:50  Overlord  
  14  1:13  Metabolic Boost  
  14  1:15  Zergling x6  
  17  1:26  Zergling x2  
  17  1:31  Baneling Nest  
  17  1:38  Zergling x2  
  18  1:47  Queen  
  18  1:53  Zergling x2  
  21  2:02  Overlord  
  21  2:10  Zergling x2  
  22  2:16  Baneling x3  
  22  2:21  Zergling x2  
  23  2:31  Zergling x2  
  23  2:48  Baneling  
  22  2:57  Zergling x10  
  9  3:06  Zergling x2  
Show
View Real Time Build Order
Export as new Build Order

JonSnow Zerg - Winner!

Build Orders: Pool First 

Get SALT Encoding   

  12  0:00  Drone  
  13  0:15  Extractor  
  12  0:24  Spawning Pool  
  11  0:29  Drone  
  11  0:33  Drone  
  13  0:39  Drone  
  14  0:49  Overlord  
  14  1:11  Queen, Zergling x2  
  17  1:19  Metabolic Boost  
  17  1:26  Zergling x2  
  17  1:27  Zergling x2  
  17  1:31  Zergling x2  
  20  1:37  Zergling x2  
  21  1:49  Overlord  
  21  2:02  Zergling x2  
  22  2:11  Zergling x2  
  23  2:20  Zergling x6  
  26  2:24  Zergling x2  
  27  2:35  Zergling x2  
  28  2:39  Hatchery  
  26  2:47  Zergling x2  
  24  2:55  Zergling x6  
  24  3:04  Zergling x2  
  22  3:15  Zergling x2  
  22  3:17  Queen  
  23  3:22  Spine Crawler  
  23  3:26  Zergling x2  
  20  3:37  Zergling x2  
Tags
 
Add a new tag
Caveats
  • Supply blocks, unpowered buildings, or Contaminate may cause inaccurate times.
  • Supply counts are checked every 10 seconds.